 Dungeon Crawl Stone Soup version 0.23-a0-398-g8eab93f (console) character file.

3989 bli the Spear-Bearer (level 10, -3/77 HPs)
             Began as a Formicid Abyssal Knight on Nov 3, 2018.
             Was an Elder of Lugonu.
             Slain by Harold
             ... wielding a +0 flail
              (15 damage)
             ... on level 8 of the Dungeon.
             The game lasted 00:45:22 (8548 turns).

bli the Spear-Bearer (Formicid Abyssal Knight)      Turns: 8548, Time: 00:45:23

Health: -3/77      AC: 11    Str: 19    XL:     10   Next: 46%
Magic:  11/11      EV: 12    Int: 11    God:    Lugonu [****..]
Gold:   271        SH:  0    Dex: 12    Spells: 9/9 levels left

rFire    + . .     SeeInvis +   b - +2 trident (venom)
rCold    . . .     Gourm    .   (no shield)
rNeg     . . .     Faith    .   o - +0 ring mail
rPois    .         Spirit   .   (helmet unavailable)
rElec    .         Reflect  .   M - +0 cloak
rCorr    .         Harm     +   f - +2 pair of gloves
MR       +....                  (no boots)
Stlth    +.........             j - amulet of harm
HPRegen  0.22/turn              O - ring of protection from fire
MPRegen  0.12/turn              (no ring)

@: no status effects
A: permanent stasis, dig shafts and tunnels, four strong arms, antennae 3
a: Dig, Shaft Self, Depart the Abyss, Bend Space, Banish, Corrupt, Renounce
Religion


You were on level 8 of the Dungeon.
You worshipped Lugonu.
Lugonu was greatly pleased with you.
You were not hungry.

You visited 1 branch of the dungeon, and saw 8 of its levels.
You visited the Abyss 1 time.

You collected 391 gold pieces.
You spent 120 gold pieces at shops.

Inventory:

Hand Weapons
 a - a +6 dire flail of protection
 b - a +2 trident of venom (weapon)
 m - a +4 scimitar
 r - a +0 hand crossbow
 u - a -1 whip
 v - a +3 halberd
 w - a +1 dagger of venom
 x - a +3 dagger
 A - a +1 spear
 B - a +4 morningstar
 C - a +0 hand axe of chopping
 H - a +0 arbalest of velocity
 L - a +1 halberd of protection
 P - a +3 dagger of pain
 Q - a +0 vampiric short sword
 T - a +0 glaive
 X - a +4 trident
Missiles
 d - 15 poisoned needles
 g - 118 stones (quivered)
 y - a throwing net
Armour
 f - a +2 pair of gloves (worn)
 n - a +0 leather armour
 o - a +0 ring mail (worn)
 t - a +0 chain mail
 z - a cursed +0 scale mail
 M - a +0 cloak (worn)
Jewellery
 j - an amulet of harm (around neck)
 I - a +5 amulet of reflection {unknown}
 O - a ring of protection from fire (left hand)
Wands
 E - a wand of flame (6)
 N - a wand of acid (8)
 U - a wand of paralysis (6)
Scrolls
 i - 2 scrolls of remove curse
 q - a scroll of fog
 F - 2 scrolls of teleportation {unknown}
 G - 2 scrolls of enchant weapon {unknown}
 J - 4 scrolls of identify
 K - a scroll of enchant armour {unknown}
 R - a scroll of blinking {unknown}
 S - a scroll of amnesia {unknown}
 V - a scroll of holy word {unknown}
Potions
 e - 3 potions of resistance {unknown}
 h - 2 potions of curing
 l - 2 potions of agility
 p - a potion of lignification
 s - a potion of might
 D - a potion of heal wounds
Comestibles
 c - 7 rations
 k - 4 chunks of flesh


   Skills:
 + Level 6.9 Fighting
 * Level 1.9(7.4) Axes
 * Level 7.4(7.5) Maces & Flails
 - Level 8.5(8.6) Polearms
 + Level 6.6 Armour
 + Level 2.7 Dodging
 - Level 3.0 Stealth
 + Level 2.2 Invocations
 + Level 0.4 Evocations


You had 9 spell levels left.
You didn't know any spells.
Your spell library was empty.

Dungeon Overview and Level Annotations

Branches:
Dungeon (8/15)             Temple (0/1) D:7
   Lair: D:8-11

Altars:
Elyvilon
Makhleb
Okawaru
Ru
Sif Muna
Trog
Uskayaw
Vehumet

Shops:
D:4 !   D:5 !

Annotations:
D:8 Harold


Innate Abilities, Weirdness & Mutations

You cannot be hasted, slowed, berserked, paralysed or teleported.
You can dig through walls and to a lower floor.
Your four strong arms can wield two-handed weapons with a shield.
You have a pair of large antennae on your head. (SInv)


Message History

You hit Harold.
Harold is lightly wounded.
Harold hits you but does no damage.
You hit Harold but do no damage.
Harold is lightly wounded.
Harold yells, "I don't have all day!"
Harold hits you with a +0 flail!
You puncture Harold!
Harold is poisoned.
Harold is lightly wounded.
You puncture Harold!
Harold is moderately wounded.
Harold hits you with a +0 flail!
You barely miss Harold.
Harold is moderately wounded.
Harold hits you with a +0 flail!
* * * LOW HITPOINT WARNING * * *
You hit Harold.
Harold looks as sick as possible!
Harold is heavily wounded.
Harold hits you with a +0 flail!
You die...

### #####
#.########...#
..##.........#
#.##.....<..##
#.##....)...#
#.##........#
##.##........#
#.....@..##### .#
##....@#.## ..##
###....†!#.#
...##......#...# .
#....#...#...####..
..###......(##........#
..##......#.<..#......#
..........(...........#
.......({(............#
..####..##.<..#########
{.####..y..y..#


You could see Harold.

Vanquished Creatures
  A two-headed ogre (D:8)
  4 yaks (D:6)
  Edmund (D:6)
  Duvessa (D:7)
  A porcupine (D:8)
  2 orc warriors
  3 phantoms
  An ogre (D:6)
  A bullfrog (D:6)
  3 scorpions
  Dowan (D:7)
  5 killer bees
  5 wights (D:4)
  2 howler monkeys
  A bullfrog zombie (D:7)
  6 crimson imps
  A hound (D:6)
  2 jellies
  6 orc priests
  6 orc wizards
  A centaur skeleton (D:6)
  An iguana (D:6)
  6 worker ants
  A hound skeleton (D:7)
  7 gnolls
  A worker ant zombie (D:5)
  10 adders
  A shadow imp (D:7)
  2 oozes
  An adder zombie (D:6)
  2 adder skeletons
  3 worms
  2 dart slugs
  6 leopard geckos
  29 orcs
  6 giant cockroaches
  6 goblins
  5 hobgoblins
  3 jackals (D:4)
  12 kobolds
  4 quokkas
  5 ball pythons
  7 bats
  5 frilled lizards
  A jackal skeleton (D:4)
  8 rats
  A fungus (D:2)
  A plant (D:2)
190 creatures vanquished.

Vanquished Creatures (others)
  4 fungi (D:8)
  A plant (D:8)
  4 toadstools (D:2)
9 creatures vanquished.

Grand Total: 199 creatures vanquished

Notes
Turn   | Place    | Note
-------+----------+-------------------------------------------
     0 | Abyss:1  | bli the Formicid Abyssal Knight began the quest for the
                  | Orb.
     0 | Abyss:1  | Reached XP level 1. HP: 18/18 MP: 2/2
     7 | Abyss:1  | Found a blossoming altar of Fedhas.
    68 | Abyss:1  | Noticed a raiju
    69 | D:1      | Escaped the Abyss
   301 | D:1      | Reached * piety under Lugonu
   450 | D:1      | Reached skill level 1 in Dodging
   450 | D:1      | Reached XP level 2. HP: 24/24 MP: 3/3
   580 | D:1      | Reached skill level 3 in Polearms
   783 | D:1      | Reached XP level 3. HP: 27/29 MP: 4/4
  1322 | D:2      | Reached XP level 4. HP: 36/36 MP: 5/5
  1332 | D:2      | Reached ** piety under Lugonu
  1624 | D:2      | Reached skill level 4 in Polearms
  1665 | D:3      | Reached XP level 5. HP: 34/42 MP: 6/6
  1693 | D:3      | Noticed a phantom
  1878 | D:3      | Found a faded altar of an unknown god.
  2051 | D:3      | Killed a phantom
  2051 | D:3      | Reached XP level 6. HP: 29/48 MP: 7/7
  2202 | D:3      | Reached skill level 5 in Polearms
  2590 | D:3      | Reached *** piety under Lugonu
  2641 | D:3      | Reached skill level 1 in Axes
  3049 | D:3      | Found a sacrificial altar of Ru.
  3187 | D:4      | Reached XP level 7. HP: 10/55 MP: 8/8
  3247 | D:4      | Found a white marble altar of Elyvilon.
  3659 | D:4      | Reached skill level 6 in Polearms
  4045 | D:4      | Reached skill level 5 in Fighting
  4107 | D:4      | Reached XP level 8. HP: 52/62 MP: 9/9
  4224 | D:4      | Found Cihum's Distillery.
  4250 | D:4      | Bought a potion of heal wounds for 60 gold pieces
  4495 | D:5      | Entered Level 5 of the Dungeon
  4506 | D:5      | Found a deep blue altar of Sif Muna.
  4506 | D:5      | Found a burning altar of Makhleb.
  4711 | D:5      | Found Wifao's Distillery.
  4731 | D:5      | Bought a potion of heal wounds for 60 gold pieces
  5110 | D:5      | Reached **** piety under Lugonu
  5110 | D:5      | Reached skill level 7 in Polearms
  5110 | D:5      | Reached skill level 5 in Armour
  5631 | D:6      | Reached XP level 9. HP: 69/69 MP: 10/10
  5680 | D:6      | Reached skill level 8 in Polearms
  6030 | D:6      | Found a radiant altar of Vehumet.
  6057 | D:6      | Noticed Edmund
  6077 | D:6      | Killed Edmund
  6092 | D:6      | Reached skill level 1 in Maces & Flails
  6120 | D:6      | Found an iron altar of Okawaru.
  6358 | D:6      | Found a bloodstained altar of Trog.
  6480 | D:6      | Reached skill level 1 in Stealth
  6493 | D:6      | Reached skill level 5 in Maces & Flails
  7129 | D:7      | Noticed Duvessa
  7129 | D:7      | Noticed Dowan
  7134 | D:7      | Killed Dowan
  7150 | D:7      | Killed Duvessa
  7150 | D:7      | Reached XP level 10. HP: 20/76 MP: 11/11
  7652 | D:7      | Found a hide-covered altar of Uskayaw.
  7652 | D:7      | Found a bloodstained altar of Trog.
  7720 | D:7      | Found a staircase to the Ecumenical Temple.
  8144 | D:7      | HP: 1/115 [killer bee (7)]
  8396 | D:8      | Noticed a two-headed ogre
  8416 | D:8      | Killed a two-headed ogre
  8533 | D:8      | Noticed Harold
  8548 | D:8      | Slain by Harold

Vault maps used:
D:1:      nzn_arrival_water_spiral, minmay_shallow_snake_nest
D:2:      minmay_gold_behind_fungi, lexackson_kobold_supper
D:3:      nicolae_ru_path_of_blood, first_ration,
          chequers_ecumenical_altar_simple_redux, eino_tiny_chamber,
          chequers_jeans, minmay_box_of_dots
D:4:      old_standard_altar, serial_shops, shop_fountains
D:5:      grunt_temple_overflow_open, serial_shops,
          nicolae_shop_temple_entry_statues_fountains
D:6:      lemuel_doored_altar, vehumet_crystals, basic_altar, uniq_edmund
D:7:      gammafunk_temple_overflow_statue, minmay_temple_entry_poolview,
          uniq_duvessa
D:8:      gammafunk_temple_overflow_elements, old_standard_altar,
          due_lair_maze_entry_diamond, uniq_harold

Skill      XL: |  1  2  3  4  5  6  7  8  9 10 |
---------------+-------------------------------+-----
Dodging        | 1 2 |  2.7
Polearms       | 3 4 5 6 7 8 |  8.5
Fighting       | 4 5 6 |  6.9
Axes           | 1 |  1.9
Armour         | 4 5 6 |  6.6
Maces & Flails | 6 7 |  7.4
Stealth        | 2 3 |  3.0
Invocations    | |  2.2
Evocations     | |  0.4

Action                   |  1- 3 |  4- 6 |  7- 9 | 10-12 || total
-------------------------+-------+-------+-------+-------++-------
Melee: Spear             |   165 |   121 |       |       ||   286
       Hand axe          |       |    63 |       |       ||    63
       Halberd           |       |    23 |   279 |    27 ||   329
       Trident           |       |       |    49 |    10 ||    59
       Dire flail        |       |       |       |    41 ||    41
Throw: Stone             |     5 |    40 |    89 |    17 ||   151
Invok: Depart the Abyss  |     1 |       |       |       ||     1
       Bend Space        |       |       |       |     1 ||     1
 Abil: Dig               |     5 |     1 |       |       ||     6
Evoke: Wand              |       |       |       |     5 ||     5
  Use: Scroll            |       |     2 |     6 |     1 ||     9
       Potion            |       |     1 |     1 |     2 ||     4
  Eat: Chunk             |     2 |     6 |     8 |     6 ||    22
       Ration            |       |       |     1 |       ||     1
Armor: Leather armour    |    20 |    51 |    26 |       ||    97
       Ring mail         |       |       |    84 |    38 ||   122
       Skin              |       |       |       |    13 ||    13
Dodge: Dodged            |    39 |    92 |   134 |    59 ||   324

Table legend:
 A = Non-vault XP
 B = Vault XP
 C = Vault XP percentage of total XP
 D = Non-vault monster count
 E = Vault monster count
 F = Vault count percentage of total count
                 A         B        C        D         E       F
            +---------+---------+-------+---------+---------+-------
      Total |    5134 |     565 |   9.9 |     168 |      20 |  10.6
            +---------+---------+-------+---------+---------+-------
        D:1 |      24 |       5 |  17.2 |      14 |       4 |  22.2
        D:2 |      77 |      13 |  14.4 |      22 |       9 |  29.0
        D:3 |     236 |      23 |   8.9 |      30 |       3 |   9.1
        D:4 |     707 |       0 |   0.0 |      26 |       0 |   0.0
        D:5 |     641 |       0 |   0.0 |      28 |       0 |   0.0
        D:6 |    1851 |     158 |   7.9 |      29 |       1 |   3.3
        D:7 |     618 |     223 |  26.5 |      12 |       2 |  14.3
        D:8 |     980 |     143 |  12.7 |       7 |       1 |  12.5
            +---------+---------+-------+---------+---------+-------
